Wild vs Blackhawks

Created - 9 janvier 2024 at 20:27

Goals
1 2 3 T
Wild 0 1 0 1
Blackhawks 0 2 1 3
Shots
1 2 3 T
Wild 5 15 11 31
Blackhawks 18 8 5 31

GoalsPenalties
1st period
No Goal
Carson Soucy (CHI) for Hooking (Minor) at 0:56
Klim Kostin (CHI) for Holding Stick (Minor) at 7:14
2nd period
1. Blackhawks , John Marino 2 (Jack Eichel 29, Valeri Nichushkin 13) at 2:52
2. Blackhawks , Ivan Barbashev 16 (John Marino 14, Carson Soucy 10) at 12:33 (PP)
3. Wild , Clayton Keller 27 (Artemi Panarin 29) at 14:55
Mikko Rantanen (MIN) for Slashing (Minor) at 11:27
3rd period
4. Blackhawks , Nikita Kucherov 18 (Nathan MacKinnon 24, Brett Pesce 11) at 19:53 (Empty Net)
Ivan Barbashev (CHI) for Interference (Minor) at 4:59
Phillip Danault (MIN) for Holding (Minor) at 8:29
Sidney Crosby (MIN) for Cross-checking (Minor) at 10:54
Goalie Stats
Jeremy Swayman (MIN), 28 saves from 30 shots - (0,933), L, 24-16-1, 59:10 minutes
Jacob Markstrom (CHI), 30 saves from 31 shots - (0,968), W, 23-18-3, 60:00 minutes
3 StarsOfficial
1 - Jacob Markstrom (CHI)
2 - John Marino (CHI)
3 - Nikita Kucherov (CHI)
Referees : Conor O'Donnell and Elizabeth Mantha
Linesman : Shandor Alphonso and Julia Kainberger
Game Note
Nikita Kucherov has scored in a empty net!
Finance
Level 1 -- Attendance: 5414 (90%) -- Ticket Income $487,260
Level 2 -- Attendance: 5000 (100%) -- Ticket Income $250,000
Level 3 -- Attendance: 3950 (88%) -- Ticket Income $79,000
Level 4 -- Attendance: 3923 (98%) -- Ticket Income $58,845
Luxury Box -- Attendance: 1000 (100%) -- Ticket Income $180,000
Game was played at the United Center.
Total Attendance: 19287 (94%)
Total Ticket Income: $1,055,105
Other Income: $316,532
Total Income: $1,371,637



Team Name Goals Shots Shots Attemp Shots Blocked PIM HIT PP PK FO%
Wild 13160146130 / 3 (0%)147%
Blackhawks 3315896221 / 3 (33%)053%

Wild
Player Name POS G A P +/- PIM HIT SHT SB MP PP MP PP SHT PK MP PK SHT FO% FOT GA TA
Alex KillornLW/RW000-1011124:043:1102:52050% 400
Alexander BarabanovLW/RW000001106:210:0000:0000% 000
Artemi PanarinLW0110000018:102:3601:2200% 000
Brady SkjeiD000-2001220:102:2001:3200% 001
Clayton KellerLW/RW1011016016:182:4600:000100% 100
Derek ForbortD000-1001319:502:2001:3200% 010
Eric RobinsonLW0000012210:090:0000:0000% 101
Erik JohnsonD0000013228:113:3703:3200% 001
Jake BeanD0000001011:590:0000:0000% 000
Jakub VranaLW000000207:370:1000:5000% 001
Logan O'ConnorLW/RW0000021010:090:0000:0000% 010
Mikko RantanenC/RW000-1203123:303:1102:09050% 200
Moritz SeiderD0001010127:513:3703:3200% 020
Nic DowdC000001206:210:0000:0000% 200
Phillip DanaultC000-1213010:540:0000:00054% 1310
Sebastien AhoD0000000111:590:0000:0000% 000
Sidney CrosbyC000-1224122:353:1100:48049% 3501
Tomas HertlC0000010018:452:4602:07041% 1700
Blackhawks
Player Name POS G A P +/- PIM HIT SHT SB MP PP MP PP SHT PK MP PK SHT FO% FOT GA TA
Alex TuchLW/RW0001022123:172:2403:04050% 200
Alexandre CarrierD000-1000010:260:0000:0000% 001
Brett PesceD0111010127:512:3903:5100% 001
Carson SoucyD0111230121:242:2501:3400% 000
Cole SillingerC000001205:330:0000:00025% 400
Erik CernakD000-1020011:050:0000:3200% 000
Ivan BarbashevC/LW1010234118:082:3611:560100% 200
Jack EichelC0110022017:502:3601:15073% 2200
John MarinoD1121002321:422:2502:4200% 020
Klim KostinLW/RW000021206:010:0000:0000% 000
Miles WoodLW000000405:330:0000:0000% 001
Nathan MacKinnonC0111024023:152:2403:02041% 3211
Nicolas DeslauriersLW/RW0000020011:500:0400:1500% 010
Nicolas RoyC/RW0000001012:030:0400:21054% 1300
Nikita KucherovRW1011001019:522:2400:0000% 000
Noah HanifinD0001021227:522:3903:1500% 000
Tanner JeannotLW/RW0000014011:350:0400:0000% 001
Valeri NichushkinLW/RW0110002018:432:3602:0100% 010

Wild

5 vs 5 Forward
Line #Left WingCenterRight WingPHYDFOFWanted %Time %Time Play
1Alex KillornSidney CrosbyMikko Rantanen0234138%18:17
2Artemi PanarinTomas HertlClayton Keller0233129%13:52
3Eric RobinsonPhillip DanaultLogan O'Connor0232021%10:09
4Jakub VranaNic DowdAlexander Barabanov023813%6:21
5 vs 5 Defense
Line #DefenseDefensePHYDFOFWanted %Time %Time Play
1Moritz SeiderErik Johnson1224243%20:42
2Derek ForbortBrady Skjei1223533%15:58
3Jake BeanSebastien Aho1222325%11:59
4Moritz SeiderErik Johnson04100%0:00
Power Play Forward
Line #Left WingCenterRight WingPHYDFOFWanted %Time %Time Play
1Alex KillornSidney CrosbyMikko Rantanen0057056%3:21
2Artemi PanarinTomas HertlClayton Keller0143044%2:36
Power Play Defense
Line #DefenseDefensePHYDFOFWanted %Time %Time Play
1Moritz SeiderErik Johnson0146561%3:37
2Derek ForbortBrady Skjei0233539%2:20
Penalty Kill 4 Players Forward
Line #CenterWingPHYDFOFWanted %Time %Time Play
1Mikko RantanenAlex Killorn1406073%3:42
2Sidney CrosbyArtemi Panarin1404027%1:22
Penalty Kill 4 Players Defense
Line #DefenseDefensePHYDFOFWanted %Time %Time Play
1Moritz SeiderErik Johnson1406070%3:32
2Derek ForbortBrady Skjei1404030%1:32
Penalty Kill 3 Players
Line #WingPHYDFOFWanted %Time %Time PlayDefenseDefensePHYDFOFWanted %Time %Time Play
1Mikko Rantanen140600%0:00 Moritz SeiderErik Johnson140600%0:00
2Sidney Crosby140400%0:00 Derek ForbortBrady Skjei140400%0:00
4 vs 4 Forward
Line #CenterWingPHYDFOFWanted %Time %Time Play
1Mikko RantanenAlex Killorn122650%0:00
2Sidney CrosbyArtemi Panarin122350%0:00
4 vs 4 Defense
Line #DefensePHYDFOFWanted %Time %Time Play
1Moritz SeiderErik Johnson122600%0:00
2Derek ForbortBrady Skjei122400%0:00
Last Minutes Offensive
Left WingCenterRight WingDefenseDefense
Alex KillornSidney CrosbyMikko RantanenBrady SkjeiErik Johnson
Last Minutes Defensive
Left WingCenterRight WingDefenseDefense
Alex KillornSidney CrosbyMikko RantanenBrady SkjeiErik Johnson
Time
Total ForwardTotal DefenseLast Minutes OffensiveLast Minutes Defensive
60:00 60:00 0:200:00
Extra Forwards
Normal PowerPlayPenalty Kill
Tomas Hertl, Artemi Panarin, Phillip DanaultTomas Hertl, Artemi PanarinTomas Hertl
Extra Defensemen
Normal PowerPlayPenalty Kill
Moritz Seider, Brady Skjei, Erik JohnsonSebastien Aho, Sebastien AhoJake Bean
Penalty Shots
Mikko Rantanen, Sidney Crosby, Clayton Keller, Alex Killorn, Tomas Hertl
Goalie
Jeremy Swayman, Casey DeSmith
Scratches
Nils Lundkvist (Healthy)

Blackhawks

5 vs 5 Forward
Line #Left WingCenterRight WingPHYDFOFWanted %Time %Time Play
1Alex TuchNathan MacKinnonNikita Kucherov0234137%17:55
2Ivan BarbashevJack EichelValeri Nichushkin0233529%14:06
3Tanner JeannotNicolas RoyNicolas Deslauriers1221923%11:05
4Miles WoodCole SillingerKlim Kostin122511%5:33
5 vs 5 Defense
Line #DefenseDefensePHYDFOFWanted %Time %Time Play
1Noah HanifinBrett Pesce0324042%20:38
2John MarinoCarson Soucy0323434%16:35
3Erik CernakAlexandre Carrier0322021%10:26
4Noah HanifinBrett Pesce03262%1:00
Power Play Forward
Line #Left WingCenterRight WingPHYDFOFWanted %Time %Time Play
1Alex TuchNathan MacKinnonNikita Kucherov0056049%2:28
2Ivan BarbashevJack EichelValeri Nichushkin0054051%2:36
Power Play Defense
Line #DefenseDefensePHYDFOFWanted %Time %Time Play
1Noah HanifinBrett Pesce0146052%2:39
2John MarinoCarson Soucy0144048%2:25
Penalty Kill 4 Players Forward
Line #CenterWingPHYDFOFWanted %Time %Time Play
1Nathan MacKinnonAlex Tuch1406066%3:56
2Ivan BarbashevValeri Nichushkin1404034%2:01
Penalty Kill 4 Players Defense
Line #DefenseDefensePHYDFOFWanted %Time %Time Play
1Noah HanifinBrett Pesce1406055%3:15
2John MarinoCarson Soucy1404045%2:42
Penalty Kill 3 Players
Line #WingPHYDFOFWanted %Time %Time PlayDefenseDefensePHYDFOFWanted %Time %Time Play
1Nathan MacKinnon050600%0:00 Noah HanifinBrett Pesce050600%0:00
2Ivan Barbashev050400%0:00 John MarinoCarson Soucy050400%0:00
4 vs 4 Forward
Line #CenterWingPHYDFOFWanted %Time %Time Play
1Nathan MacKinnonAlex Tuch014600%0:00
2Ivan BarbashevValeri Nichushkin014400%0:00
4 vs 4 Defense
Line #DefensePHYDFOFWanted %Time %Time Play
1Noah HanifinBrett Pesce032600%0:00
2John MarinoCarson Soucy032400%0:00
Last Minutes Offensive
Left WingCenterRight WingDefenseDefense
Alex TuchNathan MacKinnonNikita KucherovNoah HanifinBrett Pesce
Last Minutes Defensive
Left WingCenterRight WingDefenseDefense
Alex TuchNathan MacKinnonNikita KucherovNoah HanifinBrett Pesce
Time
Total ForwardTotal DefenseLast Minutes OffensiveLast Minutes Defensive
60:00 60:00 0:000:20
Extra Forwards
Normal PowerPlayPenalty Kill
Jack Eichel, Valeri Nichushkin, Tanner JeannotJack Eichel, Valeri NichushkinJack Eichel
Extra Defensemen
Normal PowerPlayPenalty Kill
Carson Soucy, Erik Cernak, Alexandre CarrierCarson Soucy, Carson SoucyErik Cernak
Penalty Shots
Nathan MacKinnon, Nikita Kucherov, Alex Tuch, Ivan Barbashev, Jack Eichel
Goalie
Jacob Markstrom, Jake Allen
Scratches
Jordan Harris (Healthy)


Play-by-Play

1st period


0:01 of 1st period - Sidney Crosby wins face-off versus Nathan MacKinnon in neutral zone.
0:09 of 1st period - Mikko Rantanen is hit by Nathan MacKinnon and loses puck.
0:26 of 1st period - Clayton Keller is hit by Jack Eichel.
0:29 of 1st period - Off-side.
0:30 of 1st period - Jack Eichel wins face-off versus Tomas Hertl in neutral zone.
0:47 of 1st period - Wrist shot by Valeri Nichushkin.
0:47 of 1st period - Shot Misses the Net.
0:56 of 1st period - Minor Penalty to Carson Soucy for Hooking.
0:57 of 1st period - Nathan MacKinnon wins face-off versus Sidney Crosby in Blackhawks zone.
1:23 of 1st period - Erik Johnson is hit by Noah Hanifin and loses puck.
2:10 of 1st period - Brady Skjei is hit by Ivan Barbashev and loses puck.
2:27 of 1st period - Brett Pesce is hit by Sidney Crosby and loses puck.
2:38 of 1st period - Erik Johnson is hit by Ivan Barbashev and loses puck.
2:56 of 1st period - Penalty to Carson Soucy is over, Carson Soucy is back on ice.
3:27 of 1st period - Alexander Barabanov is hit by Nicolas Deslauriers and loses puck.
3:46 of 1st period - Noah Hanifin is hit by Eric Robinson and loses puck.
3:57 of 1st period - Derek Forbort is hit by Carson Soucy and loses puck.
4:22 of 1st period - Alex Killorn is hit by Klim Kostin and loses puck.
4:40 of 1st period - Alexandre Carrier is hit by Logan O'Connor and loses puck.
5:39 of 1st period - Slapshot by Phillip Danault.
5:39 of 1st period - Stopped by Jacob Markstrom without a rebound.
5:40 of 1st period - Jack Eichel wins face-off versus Eric Robinson in Blackhawks zone.
5:51 of 1st period - Snap shot by Ivan Barbashev.
5:51 of 1st period - Stopped by Jeremy Swayman without a rebound.
5:52 of 1st period - Alex Tuch wins face-off versus Sidney Crosby in Wild zone.
5:55 of 1st period - Wrist shot by Nathan MacKinnon.
5:55 of 1st period - Stopped by Jeremy Swayman without a rebound.
5:56 of 1st period - Nathan MacKinnon wins face-off versus Sidney Crosby in Wild zone.
6:44 of 1st period - Backhand shot by Miles Wood.
6:44 of 1st period - Shot Blocked by Derek Forbort.
6:46 of 1st period - Wrist shot by Cole Sillinger.
6:46 of 1st period - Stopped by Jeremy Swayman without a rebound.
6:47 of 1st period - Phillip Danault wins face-off versus Cole Sillinger in Wild zone.
7:00 of 1st period - Slapshot by Logan O'Connor.
7:00 of 1st period - Shot Misses the Net.
7:12 of 1st period - Snap shot by Phillip Danault.
7:12 of 1st period - Shot Blocked by John Marino.
7:14 of 1st period - Minor Penalty to Klim Kostin for Holding Stick.
7:15 of 1st period - Sidney Crosby wins face-off versus Nathan MacKinnon in Blackhawks zone.
8:57 of 1st period - Moritz Seider is hit by Brett Pesce.
9:14 of 1st period - Penalty to Klim Kostin is over, Klim Kostin is back on ice.
9:54 of 1st period - Wrist shot by Tanner Jeannot.
9:54 of 1st period - Stopped by Jeremy Swayman with a rebound.
10:23 of 1st period - Slapshot by Cole Sillinger.
10:23 of 1st period - Stopped by Jeremy Swayman with a rebound.
10:38 of 1st period - Icing by Brady Skjei.
10:39 of 1st period - Nicolas Roy wins face-off versus Nic Dowd in Wild zone.
11:02 of 1st period - Erik Johnson is hit by Carson Soucy and loses puck.
11:45 of 1st period - Snap shot by Phillip Danault.
11:45 of 1st period - Stopped by Jacob Markstrom with a rebound.
13:17 of 1st period - Snap shot by Nathan MacKinnon.
13:17 of 1st period - Stopped by Jeremy Swayman without a rebound.
13:18 of 1st period - Tomas Hertl wins face-off versus Nathan MacKinnon in Wild zone.
13:56 of 1st period - Snap shot by Jack Eichel.
13:56 of 1st period - Stopped by Jeremy Swayman without a rebound.
13:57 of 1st period - Sidney Crosby wins face-off versus Nathan MacKinnon in Wild zone.
14:26 of 1st period - Wrist shot by Ivan Barbashev.
14:26 of 1st period - Stopped by Jeremy Swayman without a rebound.
14:27 of 1st period - Jack Eichel wins face-off versus Tomas Hertl in Wild zone.
14:28 of 1st period - Slapshot by Ivan Barbashev.
14:28 of 1st period - Stopped by Jeremy Swayman with a rebound.
14:38 of 1st period - Icing by Ivan Barbashev.
14:39 of 1st period - Jack Eichel wins face-off versus Alex Killorn in Blackhawks zone.
15:10 of 1st period - Snap shot by Alex Tuch.
15:10 of 1st period - Stopped by Jeremy Swayman with a rebound.
15:12 of 1st period - Slapshot by Noah Hanifin.
15:12 of 1st period - Stopped by Jeremy Swayman without a rebound.
15:13 of 1st period - Nathan MacKinnon wins face-off versus Sidney Crosby in Wild zone.
16:00 of 1st period - Slapshot by Noah Hanifin.
16:00 of 1st period - Deflect By Miles Wood.
16:00 of 1st period - Stopped by Jeremy Swayman with a rebound.
16:02 of 1st period - Slapshot by Brett Pesce.
16:02 of 1st period - Shot Misses the Net.
16:04 of 1st period - Wrist shot by Miles Wood.
16:04 of 1st period - Deflect By Eric Robinson.
16:04 of 1st period - Stopped by Jeremy Swayman without a rebound.
16:05 of 1st period - Phillip Danault wins face-off versus Cole Sillinger in Wild zone.
16:12 of 1st period - Slapshot by Miles Wood.
16:12 of 1st period - Stopped by Jeremy Swayman with a rebound.
16:14 of 1st period - Slapshot by Klim Kostin.
16:14 of 1st period - Stopped by Jeremy Swayman without a rebound.
16:15 of 1st period - Nathan MacKinnon wins face-off versus Sidney Crosby in Wild zone.
16:57 of 1st period - Snap shot by Clayton Keller.
16:57 of 1st period - Shot Misses the Net.
17:06 of 1st period - Off-side.
17:07 of 1st period - Nicolas Roy wins face-off versus Phillip Danault in neutral zone.
17:10 of 1st period - Slapshot by Brett Pesce.
17:10 of 1st period - Shot Blocked by Sebastien Aho.
17:46 of 1st period - Snap shot by Mikko Rantanen.
17:46 of 1st period - Shot Misses the Net.
18:34 of 1st period - Miles Wood is hit by Alexander Barabanov.
18:49 of 1st period - Slapshot by Nathan MacKinnon.
18:49 of 1st period - Stopped by Jeremy Swayman without a rebound.
18:50 of 1st period - Nathan MacKinnon wins face-off versus Sidney Crosby in Wild zone.
19:22 of 1st period - Slapshot by Valeri Nichushkin.
19:22 of 1st period - Stopped by Jeremy Swayman without a rebound.
19:23 of 1st period - Jack Eichel wins face-off versus Sidney Crosby in Wild zone.
19:24 of 1st period - Snap shot by Valeri Nichushkin.
19:24 of 1st period - Deflect By Mikko Rantanen.
19:24 of 1st period - Stopped by Jeremy Swayman without a rebound.
19:25 of 1st period - Sidney Crosby wins face-off versus Nathan MacKinnon in Wild zone.
19:34 of 1st period - Slapshot by Sidney Crosby.
19:34 of 1st period - Stopped by Jacob Markstrom without a rebound.
19:35 of 1st period - Nathan MacKinnon wins face-off versus Sidney Crosby in Blackhawks zone.
19:48 of 1st period - Snap shot by Alex Killorn.
19:48 of 1st period - Stopped by Jacob Markstrom with a rebound.
19:50 of 1st period - Snap shot by Sidney Crosby.
19:50 of 1st period - Stopped by Jacob Markstrom without a rebound.
19:51 of 1st period - Tomas Hertl wins face-off versus Jack Eichel in Blackhawks zone.
Goals for this period are 0 for Wild vs 0 for Blackhawks.
Shots for this period are 5 for Wild vs 18 for Blackhawks.

2nd period


0:01 of 2nd period - Sidney Crosby wins face-off versus Nathan MacKinnon in neutral zone.
0:11 of 2nd period - Wrist shot by Mikko Rantanen.
0:11 of 2nd period - Shot Blocked by Brett Pesce.
0:29 of 2nd period - Icing by Nikita Kucherov.
0:30 of 2nd period - Jack Eichel wins face-off versus Tomas Hertl in Blackhawks zone.
0:55 of 2nd period - Off-side.
0:56 of 2nd period - Nicolas Roy wins face-off versus Alex Killorn in neutral zone.
1:23 of 2nd period - Nathan MacKinnon is hit by Erik Johnson and loses puck.
1:50 of 2nd period - Logan O'Connor is hit by Noah Hanifin and loses puck.
2:07 of 2nd period - Slapshot by Moritz Seider.
2:07 of 2nd period - Shot Blocked by John Marino.
2:09 of 2nd period - Slapshot by Erik Johnson.
2:09 of 2nd period - Deflect By Carson Soucy.
2:09 of 2nd period - Stopped by Jacob Markstrom without a rebound.
2:10 of 2nd period - Nathan MacKinnon wins face-off versus Nic Dowd in Blackhawks zone.
2:42 of 2nd period - Snap shot by Alexander Barabanov.
2:42 of 2nd period - Deflect By Jakub Vrana.
2:42 of 2nd period - Stopped by Jacob Markstrom without a rebound.
2:43 of 2nd period - Sidney Crosby wins face-off versus Jack Eichel in Blackhawks zone.
2:44 of 2nd period - Wrist shot by Mikko Rantanen.
2:44 of 2nd period - Stopped by Jacob Markstrom with a rebound.
2:50 of 2nd period - Wrist shot by Jack Eichel.
2:50 of 2nd period - Shot Blocked by Alex Killorn.
2:52 of 2nd period - Snap shot by John Marino.
2:52 of 2nd period - Goal by John Marino - Wild : 0 - Blackhawks : 1.
2:53 of 2nd period - Sidney Crosby wins face-off versus Nathan MacKinnon in neutral zone.
2:56 of 2nd period - Slapshot by Brady Skjei.
2:56 of 2nd period - Stopped by Jacob Markstrom without a rebound.
2:57 of 2nd period - Sidney Crosby wins face-off versus Nathan MacKinnon in Blackhawks zone.
3:05 of 2nd period - Icing by Noah Hanifin.
3:06 of 2nd period - Nathan MacKinnon wins face-off versus Sidney Crosby in Blackhawks zone.
3:06 of 2nd period - Nathan MacKinnon is hit by Alex Killorn.
3:21 of 2nd period - Noah Hanifin is hit by Sidney Crosby and loses puck.
4:04 of 2nd period - Backhand shot by Nicolas Roy.
4:04 of 2nd period - Shot Misses the Net.
4:38 of 2nd period - Snap shot by Alexander Barabanov.
4:38 of 2nd period - Stopped by Jacob Markstrom without a rebound.
4:39 of 2nd period - Jack Eichel wins face-off versus Sidney Crosby in Blackhawks zone.
5:06 of 2nd period - Sebastien Aho is hit by Erik Cernak and loses puck.
5:37 of 2nd period - Wrist shot by Logan O'Connor.
5:37 of 2nd period - Shot Misses the Net.
5:39 of 2nd period - Backhand shot by Jake Bean.
5:39 of 2nd period - Shot Hit the Post.
5:41 of 2nd period - Slapshot by Jake Bean.
5:41 of 2nd period - Deflect By Logan O'Connor.
5:41 of 2nd period - Shot Misses the Net.
5:41 of 2nd period - Puck is out of play.
5:42 of 2nd period - Sidney Crosby wins face-off versus Nathan MacKinnon in Blackhawks zone.
5:47 of 2nd period - Snap shot by Mikko Rantanen.
5:47 of 2nd period - Shot Blocked by Alex Tuch.
5:50 of 2nd period - Icing by Alex Tuch.
5:51 of 2nd period - Alex Killorn wins face-off versus Nathan MacKinnon in Blackhawks zone.
6:08 of 2nd period - Slapshot by Alex Tuch.
6:08 of 2nd period - Stopped by Jeremy Swayman with a rebound.
6:10 of 2nd period - Slapshot by John Marino.
6:10 of 2nd period - Shot Misses the Net.
6:12 of 2nd period - Backhand shot by John Marino.
6:12 of 2nd period - Stopped by Jeremy Swayman with a rebound.
6:14 of 2nd period - Slapshot by John Marino.
6:14 of 2nd period - Shot Misses the Net.
6:55 of 2nd period - Icing by Mikko Rantanen.
6:56 of 2nd period - Jack Eichel wins face-off versus Sidney Crosby in Wild zone.
8:09 of 2nd period - Icing by Moritz Seider.
8:10 of 2nd period - Tomas Hertl wins face-off versus Jack Eichel in Wild zone.
8:17 of 2nd period - Snap shot by Clayton Keller.
8:17 of 2nd period - Stopped by Jacob Markstrom without a rebound.
8:18 of 2nd period - Jack Eichel wins face-off versus Tomas Hertl in Blackhawks zone.
8:56 of 2nd period - Snap shot by Eric Robinson.
8:56 of 2nd period - Shot Blocked by John Marino.
9:16 of 2nd period - Snap shot by Jakub Vrana.
9:16 of 2nd period - Shot Blocked by Carson Soucy.
10:02 of 2nd period - Nikita Kucherov is hit by Nic Dowd and loses puck.
10:28 of 2nd period - Icing by Brett Pesce.
10:29 of 2nd period - Phillip Danault wins face-off versus Jack Eichel in Blackhawks zone.
10:36 of 2nd period - Slapshot by Phillip Danault.
10:36 of 2nd period - Shot Misses the Net.
10:38 of 2nd period - Wrist shot by Eric Robinson.
10:38 of 2nd period - Stopped by Jacob Markstrom without a rebound.
10:39 of 2nd period - Sidney Crosby wins face-off versus Nathan MacKinnon in Blackhawks zone.
10:46 of 2nd period - Wrist shot by Sidney Crosby.
10:46 of 2nd period - Deflect By Mikko Rantanen.
10:46 of 2nd period - Shot Misses the Net.
10:46 of 2nd period - Puck is out of play.
10:47 of 2nd period - Nathan MacKinnon wins face-off versus Sidney Crosby in Blackhawks zone.
11:27 of 2nd period - Minor Penalty to Mikko Rantanen for Slashing.
11:28 of 2nd period - Jack Eichel wins face-off versus Tomas Hertl in Wild zone.
11:37 of 2nd period - Backhand shot by Jack Eichel.
11:37 of 2nd period - Shot Misses the Net.
11:54 of 2nd period - Icing by Brett Pesce.
11:55 of 2nd period - Nathan MacKinnon wins face-off versus Tomas Hertl in Blackhawks zone.
12:33 of 2nd period - Snap shot by Ivan Barbashev.
12:33 of 2nd period - Goal by Ivan Barbashev - Wild : 0 - Blackhawks : 2.
12:34 of 2nd period - Jack Eichel wins face-off versus Tomas Hertl in neutral zone.
12:37 of 2nd period - Clayton Keller is hit by Ivan Barbashev and loses puck.
13:00 of 2nd period - Brady Skjei is hit by Alex Tuch and loses puck.
13:21 of 2nd period - Snap shot by Logan O'Connor.
13:21 of 2nd period - Shot Misses the Net.
13:23 of 2nd period - Wrist shot by Eric Robinson.
13:23 of 2nd period - Stopped by Jacob Markstrom without a rebound.
13:24 of 2nd period - Phillip Danault wins face-off versus Nicolas Roy in Blackhawks zone.
13:56 of 2nd period - Snap shot by Tanner Jeannot.
13:56 of 2nd period - Stopped by Jeremy Swayman without a rebound.
13:57 of 2nd period - Jack Eichel wins face-off versus Sidney Crosby in Wild zone.
14:24 of 2nd period - Nikita Kucherov is hit by Tomas Hertl and loses puck.
14:31 of 2nd period - Snap shot by Artemi Panarin.
14:31 of 2nd period - Shot Misses the Net.
14:33 of 2nd period - Slapshot by Erik Johnson.
14:33 of 2nd period - Stopped by Jacob Markstrom without a rebound.
14:34 of 2nd period - Sidney Crosby wins face-off versus Nicolas Roy in Blackhawks zone.
14:49 of 2nd period - Snap shot by Mikko Rantanen.
14:49 of 2nd period - Shot Blocked by Noah Hanifin.
14:51 of 2nd period - Slapshot by Erik Johnson.
14:51 of 2nd period - Stopped by Jacob Markstrom without a rebound.
14:52 of 2nd period - Clayton Keller wins face-off versus Jack Eichel in Blackhawks zone.
14:55 of 2nd period - Snap shot by Clayton Keller.
14:55 of 2nd period - Goal by Clayton Keller - Wild : 1 - Blackhawks : 2.
14:56 of 2nd period - Jack Eichel wins face-off versus Sidney Crosby in neutral zone.
15:23 of 2nd period - Clayton Keller is hit by Alex Tuch and loses puck.
16:07 of 2nd period - Off-side.
16:08 of 2nd period - Sidney Crosby wins face-off versus Cole Sillinger in neutral zone.
16:20 of 2nd period - Wrist shot by Cole Sillinger.
16:20 of 2nd period - Shot Blocked by Sidney Crosby.
16:22 of 2nd period - Snap shot by Miles Wood.
16:22 of 2nd period - Stopped by Jeremy Swayman without a rebound.
16:23 of 2nd period - Tomas Hertl wins face-off versus Jack Eichel in Wild zone.
16:56 of 2nd period - Slapshot by Clayton Keller.
16:56 of 2nd period - Shot Misses the Net.
16:58 of 2nd period - Snap shot by Artemi Panarin.
16:58 of 2nd period - Shot Misses the Net.
17:00 of 2nd period - Snap shot by Clayton Keller.
17:00 of 2nd period - Stopped by Jacob Markstrom with a rebound.
17:02 of 2nd period - Wrist shot by Tomas Hertl.
17:02 of 2nd period - Shot Misses the Net.
17:04 of 2nd period - Wrist shot by Derek Forbort.
17:04 of 2nd period - Stopped by Jacob Markstrom with a rebound.
17:06 of 2nd period - Snap shot by Tomas Hertl.
17:06 of 2nd period - Shot Blocked by Noah Hanifin.
17:26 of 2nd period - Wrist shot by Clayton Keller.
17:26 of 2nd period - Stopped by Jacob Markstrom without a rebound.
17:27 of 2nd period - Alex Killorn wins face-off versus Nathan MacKinnon in Blackhawks zone.
18:30 of 2nd period - Off-side.
18:31 of 2nd period - Sidney Crosby wins face-off versus Nathan MacKinnon in neutral zone.
19:39 of 2nd period - Wrist shot by Mikko Rantanen.
19:39 of 2nd period - Stopped by Jacob Markstrom without a rebound.
19:40 of 2nd period - Ivan Barbashev wins face-off versus Tomas Hertl in Blackhawks zone.
19:45 of 2nd period - Slapshot by Valeri Nichushkin.
19:45 of 2nd period - Shot Blocked by Derek Forbort.
19:51 of 2nd period - Snap shot by Jack Eichel.
19:51 of 2nd period - Stopped by Jeremy Swayman with a rebound.
19:53 of 2nd period - Snap shot by Noah Hanifin.
19:53 of 2nd period - Shot Blocked by Derek Forbort.
19:55 of 2nd period - Slapshot by Noah Hanifin.
19:55 of 2nd period - Deflect By Valeri Nichushkin.
19:55 of 2nd period - Shot Blocked by Brady Skjei.
19:55 of 2nd period - Puck is out of play.
19:56 of 2nd period - Nicolas Roy wins face-off versus Phillip Danault in Wild zone.
19:57 of 2nd period - Snap shot by Tanner Jeannot.
19:57 of 2nd period - Stopped by Jeremy Swayman without a rebound.
19:58 of 2nd period - Phillip Danault wins face-off versus Nicolas Roy in Wild zone.
Goals for this period are 1 for Wild vs 2 for Blackhawks.
Shots for this period are 15 for Wild vs 8 for Blackhawks.

3rd period


0:01 of 3rd period - Jack Eichel wins face-off versus Sidney Crosby in neutral zone.
0:38 of 3rd period - Snap shot by Phillip Danault.
0:38 of 3rd period - Stopped by Jacob Markstrom with a rebound.
1:41 of 3rd period - Slapshot by Nic Dowd.
1:41 of 3rd period - Stopped by Jacob Markstrom with a rebound.
1:43 of 3rd period - Snap shot by Jakub Vrana.
1:43 of 3rd period - Stopped by Jacob Markstrom with a rebound.
1:45 of 3rd period - Wrist shot by Alexander Barabanov.
1:45 of 3rd period - Shot Misses the Net.
1:47 of 3rd period - Snap shot by Jake Bean.
1:47 of 3rd period - Stopped by Jacob Markstrom with a rebound.
1:49 of 3rd period - Slapshot by Nic Dowd.
1:49 of 3rd period - Stopped by Jacob Markstrom without a rebound.
1:50 of 3rd period - Tomas Hertl wins face-off versus Alex Tuch in Blackhawks zone.
1:51 of 3rd period - Slapshot by Clayton Keller.
1:51 of 3rd period - Stopped by Jacob Markstrom with a rebound.
1:58 of 3rd period - Off-side.
1:59 of 3rd period - Nathan MacKinnon wins face-off versus Tomas Hertl in neutral zone.
2:26 of 3rd period - Snap shot by Nikita Kucherov.
2:26 of 3rd period - Shot Misses the Net.
2:44 of 3rd period - Clayton Keller is hit by Erik Cernak.
2:52 of 3rd period - Alex Tuch is hit by Clayton Keller and loses puck.
3:03 of 3rd period - Wrist shot by Nikita Kucherov.
3:03 of 3rd period - Shot Misses the Net.
3:21 of 3rd period - Slapshot by Nikita Kucherov.
3:21 of 3rd period - Shot Blocked by Moritz Seider.
3:23 of 3rd period - Slapshot by Alex Tuch.
3:23 of 3rd period - Deflect By Clayton Keller.
3:23 of 3rd period - Shot Blocked by Erik Johnson.
3:23 of 3rd period - Puck is out of play.
3:24 of 3rd period - Jack Eichel wins face-off versus Sidney Crosby in Wild zone.
3:31 of 3rd period - Wrist shot by Ivan Barbashev.
3:31 of 3rd period - Shot Misses the Net.
3:33 of 3rd period - Wrist shot by Ivan Barbashev.
3:33 of 3rd period - Shot Misses the Net.
3:35 of 3rd period - Slapshot by John Marino.
3:35 of 3rd period - Shot Blocked by Mikko Rantanen.
3:51 of 3rd period - John Marino is hit by Logan O'Connor and loses puck.
3:58 of 3rd period - Slapshot by Phillip Danault.
3:58 of 3rd period - Deflect By Logan O'Connor.
3:58 of 3rd period - Stopped by Jacob Markstrom without a rebound.
3:59 of 3rd period - Nicolas Roy wins face-off versus Phillip Danault in Blackhawks zone.
4:30 of 3rd period - Snap shot by Alex Killorn.
4:30 of 3rd period - Deflect By Noah Hanifin.
4:30 of 3rd period - Shot Hit the Post.
4:30 of 3rd period - Puck is out of play.
4:31 of 3rd period - Jack Eichel wins face-off versus Sidney Crosby in Blackhawks zone.
4:59 of 3rd period - Minor Penalty to Ivan Barbashev for Interference.
5:00 of 3rd period - Sidney Crosby wins face-off versus Nathan MacKinnon in Blackhawks zone.
6:59 of 3rd period - Penalty to Ivan Barbashev is over, Ivan Barbashev is back on ice.
7:08 of 3rd period - Icing by Nicolas Roy.
7:09 of 3rd period - Cole Sillinger wins face-off versus Phillip Danault in Blackhawks zone.
7:43 of 3rd period - Off-side.
7:44 of 3rd period - Sidney Crosby wins face-off versus Nathan MacKinnon in neutral zone.
7:57 of 3rd period - Snap shot by Mikko Rantanen.
7:57 of 3rd period - Shot Misses the Net.
8:29 of 3rd period - Minor Penalty to Phillip Danault for Holding.
8:30 of 3rd period - Mikko Rantanen wins face-off versus Nathan MacKinnon in Wild zone.
10:01 of 3rd period - Ivan Barbashev is hit by Moritz Seider and loses puck.
10:29 of 3rd period - Penalty to Phillip Danault is over, Phillip Danault is back on ice.
10:38 of 3rd period - Tanner Jeannot is hit by Phillip Danault and loses puck.
10:54 of 3rd period - Minor Penalty to Sidney Crosby for Cross-checking.
10:55 of 3rd period - Nathan MacKinnon wins face-off versus Mikko Rantanen in Wild zone.
10:55 of 3rd period - Snap shot by Nikita Kucherov.
10:55 of 3rd period - Shot Misses the Net.
12:32 of 3rd period - Icing by Jack Eichel.
12:33 of 3rd period - Ivan Barbashev wins face-off versus Tomas Hertl in Blackhawks zone.
12:38 of 3rd period - Moritz Seider is hit by Jack Eichel and loses puck.
12:54 of 3rd period - Penalty to Sidney Crosby is over, Sidney Crosby is back on ice.
13:15 of 3rd period - Moritz Seider is hit by Tanner Jeannot and loses puck.
13:38 of 3rd period - Logan O'Connor is hit by Cole Sillinger and loses puck.
14:05 of 3rd period - Snap shot by Moritz Seider.
14:05 of 3rd period - Shot Blocked by Ivan Barbashev.
14:07 of 3rd period - Snap shot by Tomas Hertl.
14:07 of 3rd period - Shot Misses the Net.
14:57 of 3rd period - Clayton Keller is hit by Nathan MacKinnon and loses puck.
15:51 of 3rd period - Alex Killorn is hit by Nicolas Deslauriers and loses puck.
16:14 of 3rd period - Slapshot by Klim Kostin.
16:14 of 3rd period - Stopped by Jeremy Swayman without a rebound.
16:15 of 3rd period - Phillip Danault wins face-off versus Nathan MacKinnon in Wild zone.
16:15 of 3rd period - Phillip Danault is hit by Carson Soucy.
16:39 of 3rd period - Icing by Brady Skjei.
16:40 of 3rd period - Sidney Crosby wins face-off versus Nicolas Roy in Wild zone.
17:11 of 3rd period - Wrist shot by Clayton Keller.
17:11 of 3rd period - Stopped by Jacob Markstrom without a rebound.
17:12 of 3rd period - Tomas Hertl wins face-off versus Nathan MacKinnon in Blackhawks zone.
17:13 of 3rd period - Snap shot by Clayton Keller.
17:13 of 3rd period - Shot Misses the Net.
17:22 of 3rd period - Off-side.
17:23 of 3rd period - Nicolas Roy wins face-off versus Phillip Danault in neutral zone.
17:36 of 3rd period - Slapshot by Nicolas Roy.
17:36 of 3rd period - Stopped by Jeremy Swayman with a rebound.
17:38 of 3rd period - Wrist shot by Noah Hanifin.
17:38 of 3rd period - Shot Blocked by Eric Robinson.
17:49 of 3rd period - Icing by Phillip Danault.
17:50 of 3rd period - Nathan MacKinnon wins face-off versus Phillip Danault in Wild zone.
18:00 of 3rd period - Snap shot by Nathan MacKinnon.
18:00 of 3rd period - Stopped by Jeremy Swayman with a rebound.
18:02 of 3rd period - Slapshot by John Marino.
18:02 of 3rd period - Shot Blocked by Eric Robinson.
18:04 of 3rd period - Snap shot by Alex Tuch.
18:04 of 3rd period - Shot Blocked by Brady Skjei.
18:06 of 3rd period - Wrist shot by Nathan MacKinnon.
18:06 of 3rd period - Deflect By Brady Skjei.
18:06 of 3rd period - Shot Misses the Net.
18:06 of 3rd period - Puck is out of play.
18:07 of 3rd period - Sidney Crosby wins face-off versus Nicolas Roy in Wild zone.
18:15 of 3rd period - Off-side.
18:16 of 3rd period - Nicolas Roy wins face-off versus Sidney Crosby in neutral zone.
18:27 of 3rd period - Wrist shot by Nicolas Roy.
18:27 of 3rd period - Shot Misses the Net.
18:35 of 3rd period - Wrist shot by Tanner Jeannot.
18:35 of 3rd period - Stopped by Jeremy Swayman with a rebound.
18:55 of 3rd period - Slapshot by Noah Hanifin.
18:55 of 3rd period - Shot Blocked by Erik Johnson.
19:03 of 3rd period - Wild, Jeremy Swayman is pulled from the net.
19:19 of 3rd period - Wrist shot by Sidney Crosby.
19:19 of 3rd period - Stopped by Jacob Markstrom with a rebound.
19:21 of 3rd period - Snap shot by Mikko Rantanen.
19:21 of 3rd period - Stopped by Jacob Markstrom with a rebound.
19:29 of 3rd period - Snap shot by Sidney Crosby.
19:29 of 3rd period - Shot Misses the Net.
19:31 of 3rd period - Slapshot by Erik Johnson.
19:31 of 3rd period - Shot Misses the Net.
19:33 of 3rd period - Snap shot by Sidney Crosby.
19:33 of 3rd period - Stopped by Jacob Markstrom without a rebound.
19:34 of 3rd period - D.J. Smith call a timeout for Wild.
19:34 of 3rd period - Tomas Hertl wins face-off versus Nathan MacKinnon in Blackhawks zone.
19:53 of 3rd period - Wrist shot by Nikita Kucherov.
19:53 of 3rd period - Deflect By Tomas Hertl.
19:53 of 3rd period - Goal by Nikita Kucherov - Wild : 1 - Blackhawks : 3.
19:53 of 3rd period - Jeremy Swayman from Wild was sent back in the game.
19:54 of 3rd period - Phillip Danault wins face-off versus Nicolas Roy in neutral zone.
Goals for this period are 0 for Wild vs 1 for Blackhawks.
Shots for this period are 11 for Wild vs 5 for Blackhawks.